 Dungeon Crawl Stone Soup version 0.20.1-1-g8b1a95d (webtiles) character file.

282 Asagix the Poker (level 6, 0/84 HPs)
             Began as a Minotaur Berserker on Sept 12, 2017.
             Was a Believer of Trog.
             Succumbed to Ijyb's poison
             ... on level 4 of the Dungeon.
             The game lasted 00:06:24 (2579 turns).

Asagix the Poker (Minotaur Berserker)               Turns: 2579, Time: 00:06:25

Health: 0/84       AC:  8    Str: 28    XL:     6   Next: 6%
Magic:  5/5        EV:  9    Int:  4    God:    Trog [**....]
Gold:   151        SH:  9    Dex: 10    Spells: 5/5 levels left

rFire    . . .     SeeInvis .   v - +0 morningstar
rCold    . . .     Gourm    .   o - +0 shield
rNeg     . . .     Faith    .   w - +0 ring mail
rPois    .         Spirit   .   (helmet restricted)
rElec    .         Reflect  .   u - +2 cloak
rCorr    +         Harm     .   (no gloves)
MR       .....                  (no boots)
Stlth    ..........             (no amulet)
Regen    0.3/turn               p - ring of resist corrosion
MPRegen  0.1/turn               (no ring)

@: berserking, lethally poisoned (0 -> -18), very quick
A: retaliatory headbutt, horns 2
a: Berserk, Trog's Hand, Burn Spellbooks, Renounce Religion


You were on level 4 of the Dungeon.
You worshipped Trog.
Trog was pleased with you.
You were not hungry.

You visited 1 branch of the dungeon, and saw 4 of its levels.

You collected 151 gold pieces.

Inventory:

Hand Weapons
 a - a +0 spear
 r - a +0 war axe
 t - a +4 quarterstaff of chaos
 v - a +0 morningstar (weapon)
Armour
 b - a +0 animal skin
 n - a +0 leather armour
 o - a +0 shield (worn)
 u - a +2 cloak (worn)
 w - a +0 ring mail (worn)
Jewellery
 p - a ring of resist corrosion (left hand)
 s - an uncursed amulet of harm {unknown}
Scrolls
 f - 2 scrolls of teleportation {unknown}
 g - 2 scrolls of fear {unknown}
 h - 3 scrolls of remove curse {unknown}
 i - a scroll of amnesia {unknown}
 j - 5 scrolls of identify {unknown}
Potions
 d - a potion of curing {unknown}
 e - a potion of magic {unknown}
 k - 2 potions of mutation {unknown}
 l - 2 potions of might {unknown}
 m - a potion of flight {unknown}
 q - a potion of heal wounds {unknown}
Comestibles
 c - 2 bread rations


   Skills:
 + Level 5.0 Fighting
 + Level 1.9(3.9) Axes
 + Level 5.4(5.6) Polearms
 + Level 3.2 Armour
 + Level 3.4 Dodging
 + Level 1.0 Stealth
 + Level 1.3 Shields


You had 5 spell levels left.
You didn't know any spells.

Dungeon Overview and Level Annotations

Branches:
Dungeon (4/15)
 Temple: D:4-7

Altars:
Ashenzari
Hepliaklqana

Annotations:
D:4 Ijyb


Innate Abilities, Weirdness & Mutations

You reflexively headbutt those who attack you in melee.
You have a pair of horns on your head.


Message History

You feel sick. Ijyb hits you but does no damage.
You are lethally poisoned!
The quokka skeleton closely misses you.
Your shield prevents you from hitting Ijyb.
Your headbutt misses Ijyb.
Ijyb is heavily wounded.
* * * LOW HITPOINT WARNING * * *
You feel sick. You block Ijyb's attack.
The quokka skeleton bites you but does no damage.
Ijyb hits you but does no damage.
You are more poisoned.
You puncture Ijyb!
Ijyb is severely wounded.
* * * LOW HITPOINT WARNING * * *
You feel sick.
The quokka skeleton bites you but does no damage.
You block Ijyb's attack.
You closely miss Ijyb. Your headbutt misses Ijyb.
Ijyb is severely wounded.
You die...

.###########........
................†.......
................†.......
................####+###
................#
................+
................#
.......Z........#
......g@.(......#
........†$......#
...................
##.................
#........##+##.....
#........# .....
#.[......# ...
#........# #........#


You could see Ijyb and a quokka skeleton.

Vanquished Creatures
  The ghost of UrkaryOn the Magician, an amateur DEWz of Sif Muna (D:3)
  A hound (D:4)
  Crazy Yiuf (D:3)
  A gnoll (D:1)
  3 adders
  A worm (D:4)
  A dart slug (D:1)
  3 leopard geckos
  4 orcs (D:3)
  3 giant cockroaches
  10 goblins
  8 hobgoblins
  2 jackals (D:3)
  12 kobolds
  3 ball pythons
  5 bats
  4 frilled lizards
  13 rats
76 creatures vanquished.

Notes
Turn   | Place    | Note
-------+----------+-------------------------------------------
     0 | D:1      | Asagix the Minotaur Berserker began the quest for the Orb.
     0 | D:1      | Reached XP level 1. HP: 19/19 MP: 0/0
    89 | D:1      | Reached XP level 2. HP: 12/27 MP: 1/1
   309 | D:1      | Reached XP level 3. HP: 25/33 MP: 2/2
   317 | D:1      | Reached ** piety under Trog
  1102 | D:2      | Reached XP level 4. HP: 27/41 MP: 3/3
  1399 | D:2      | Found a hazy altar of Hepliaklqana.
  1840 | D:3      | Found a shattered altar of Ashenzari.
  1921 | D:3      | Noticed UrkaryOn's ghost (amateur DEWz)
  1932 | D:3      | Killed UrkaryOn's ghost
  1932 | D:3      | Reached skill level 1 in Axes
  1932 | D:3      | Reached skill level 5 in Polearms
  1932 | D:3      | Reached skill level 1 in Shields
  1932 | D:3      | Reached XP level 5. HP: 31/47 MP: 4/4
  2008 | D:3      | Found a runed door.
  2012 | D:3      | Noticed Crazy Yiuf
  2019 | D:3      | Killed Crazy Yiuf
  2019 | D:3      | Reached skill level 1 in Stealth
  2402 | D:3      | Reached skill level 5 in Fighting
  2555 | D:4      | Reached XP level 6. HP: 50/56 MP: 5/5
  2567 | D:4      | Noticed Ijyb
  2577 | D:4      | HP: 3/84 [poisoned by Ijyb]
  2579 | D:4      | Succumbed to Ijyb's poison

Skill      XL: |  1  2  3  4  5 |
---------------+----------------+-----
Polearms       | 4 5 |  5.4
Fighting       | 4 5 |  5.0
Armour         | 3 |  3.2
Axes           | 1 |  1.9
Dodging        | 3 |  3.4
Shields        | 1 |  1.3
Stealth        | 1 |  1.0

Action                   |  1- 3 |  4- 6 || total
-------------------------+-------+-------++-------
Melee: Spear             |    97 |    29 ||   126
       Headbutt          |    13 |    10 ||    23
       War axe           |       |    36 ||    36
       Morningstar       |       |    21 ||    21
Invok: Berserk           |       |     1 ||     1
 Stab: Sleeping          |       |     1 ||     1
  Eat: Royal jelly       |     1 |     1 ||     2
       Bread ration      |       |     1 ||     1
Armor: Animal skin       |    21 |     2 ||    23
       Leather armour    |       |    10 ||    10
       Ring mail         |       |    12 ||    12
Dodge: Dodged            |    64 |    40 ||   104
Block: Shield            |       |    37 ||    37
